 Dungeon Crawl Stone Soup version 0.19.1 (webtiles) character file.

53 empire the Chiller (level 4, -5/30 HPs)
             Began as a Human Ice Elementalist on Dec 9, 2016.
             Killed from afar by Natasha (6 damage)
             ... with a magic dart
             ... on level 2 of the Dungeon.
             The game lasted 00:03:21 (1871 turns).

empire the Chiller (Human Ice Elementalist)         Turns: 1871, Time: 00:03:21

Health: -5/30      AC:  3    Str:  8    XL:     4   Next: 11%
Magic:  7/7        EV: 12    Int: 16    God:
Gold:   83         SH:  0    Dex: 14    Spells: 2 memorised, 3 levels left

rFire  . . .     SeeInvis .     b - +0 short sword
rCold  + . .     Gourm    .     h - +0 leather armour {rC+}
rNeg   . . .     Faith    .     (no shield)
rPois  .         Spirit   .     (no helmet)
rElec  .         Reflect  .     (no cloak)
rCorr  .         Harm     .     (no gloves)
MR     .....                    (no boots)
Stlth  ++........               (no amulet)
                                (no ring)
                                (no ring)

@: no status effects
A: no striking features
a: no special abilities


You were on level 2 of the Dungeon.
You were hungry.

You visited 1 branch of the dungeon, and saw 2 of its levels.

You collected 83 gold pieces.

Inventory:

Hand Weapons
 a - a +0 dagger
 b - a +0 short sword (weapon)
Missiles
 m - 16 arrows
Armour
 h - a +0 leather armour of cold resistance (worn)
Scrolls
 e - 9 scrolls of identify {unknown}
 f - a scroll of enchant armour {unknown}
 g - a scroll of immolation {unknown}
 l - a scroll of amnesia {unknown}
Potions
 k - a potion of haste {unknown}
 n - a potion of berserk rage {unknown}
 o - a potion of flight {unknown}
Books
 d - a book of Frost

   Spells                             Type                      Level
   a - Freeze                         Ice                          1
   b - Throw Frost                    Conjuration/Ice              2
   c - Ozocubu's Armour               Charms/Ice                   3
   d - Throw Icicle                   Conjuration/Ice              4
   e - Summon Ice Beast               Ice/Summoning                4
Comestibles
 c - a bread ration
 i - a beef jerky
 j - a meat ration


   Skills:
 + Level 0.4 Armour
 + Level 2.8 Dodging
 + Level 2.9 Stealth
 + Level 2.1 Spellcasting
   Level 1.0 Conjurations
 + Level 0.0 Charms
 + Level 3.4 Ice Magic


You had 3 spell levels left.
You knew the following spells:

 Your Spells              Type           Power        Failure   Level  Hunger
a - Freeze                Ice            ##..         10%         1    #......
b - Ozocubu's Armour      Chrm/Ice       #.......     47%         3    ###....


Dungeon Overview and Level Annotations

Branches:
Dungeon (2/15)

Altars:
Xom

Annotations:
D:2 Natasha


Message History

The puff of frost hits you! You resist.
Natasha mumbles some strange words.
The white imp gestures at you. The puff of frost hits you! You resist.
The white imp gestures at you. The puff of frost hits you! You resist.
All of the chunks of flesh in your inventory have rotted away.
Natasha casts a spell.
The white imp gestures at you. The puff of frost hits you! You resist.
The white imp disappears in a puff of smoke!
You are feeling hungry.
Natasha mumbles some strange words.
The crimson imp blinks!
Natasha casts a spell at you. The magic dart hits you!
* * * LOW HITPOINT WARNING * * *
Natasha stares at you and mumbles some strange words.
The magic dart hits you!
You die...

#.# #.# #. #.# #.# #.
#.# #.# #.
#.########## #.# #.
#....§.h.§.######.###.
##########............
########.###.
###################.#
##
.......@......h.....#
#####################


You could see Natasha.

Vanquished Creatures
  An adder (D:2)
  An ooze (D:2)
  A worm (D:2)
  2 dart slugs (D:1)
  2 leopard geckos (D:1)
  A giant cockroach (D:2)
  6 goblins
  3 hobgoblins (D:1)
  2 jackals (D:1)
  A bat (D:1)
  3 frilled lizards (D:1)
  2 kobolds (D:1)
  3 rats (D:1)
28 creatures vanquished.

Vanquished Creatures (others)
  A dart slug (D:1)
1 creature vanquished.

Grand Total: 29 creatures vanquished

Notes
Turn   | Place    | Note
-------+----------+-------------------------------------------
     0 | D:1      | empire the Human Ice Elementalist began the quest for the Orb.
     0 | D:1      | Reached XP level 1. HP: 13/13 MP: 3/3
    34 | D:1      | Reached XP level 2. HP: 10/19 MP: 0/5
   680 | D:1      | Reached XP level 3. HP: 20/24 MP: 3/6
  1424 | D:2      | Reached XP level 4. HP: 20/30 MP: 7/7
  1594 | D:2      | Found a shimmering altar of Xom.
  1761 | D:2      | Learned a level 3 spell: Ozocubu's Armour
  1827 | D:2      | Noticed Natasha
  1866 | D:2      | HP: 1/30 [Natasha/magic dart (11)]
  1871 | D:2      | Killed from afar by Natasha

Action                   |  1- 3 |  4- 6 || total
-------------------------+-------+-------++-------
Melee: Dagger            |    26 |       ||    26
       Unarmed           |     1 |       ||     1
       Short sword       |    35 |     4 ||    39
 Cast: Freeze            |    25 |     5 ||    30
 Stab: Sleeping          |     1 |       ||     1
  Eat: Chunk             |     2 |     1 ||     3
Armor: Robe              |     8 |       ||     8
       Leather armour    |    15 |     1 ||    16
Dodge: Dodged            |    62 |     2 ||    64
